 Dungeon Crawl Stone Soup version 0.17.1-3-g152610e (webtiles) character file.

114 MenacingMecha the Chopper (level 4, -5/37 HPs)
             Began as a Hill Orc Gladiator on Feb 23, 2016.
             Slain by an iguana (9 damage)
             ... on level 3 of the Dungeon.
             The game lasted 00:17:00 (2405 turns).

MenacingMecha the Chopper (Hill Orc Gladiator)      Turns: 2405, Time: 00:17:00

Health: -5/37      AC: 10    Str: 17    XL:     4   Next: 98%
Magic:  4/4        EV: 10    Int:  8    God:
Gold:   88         SH:  0    Dex: 12    Spells: 0 memorised, 3 levels left

rFire  . . .     SeeInvis .     a - +0 war axe
rCold  . . .     Clarity  .     A - +0 scale mail
rNeg   . . .     SustAt   .     (no shield)
rPois  .         Gourm    .     c - +0 helmet
rElec  .         Spirit   .     z - +2 cloak
rCorr  .         Warding  .     (no gloves)
rMut   .         Stasis   .     (no boots)
MR     .....                    (no amulet)
Stlth  ..........               (no ring)
                                (no ring)

@: not resistant to hostile enchantments, extremely unstealthy
A: no striking features
a: no special abilities


You were on level 3 of the Dungeon.
You were not hungry.

You visited 1 branch of the dungeon, and saw 3 of its levels.

You collected 88 gold pieces.

Inventory:

Hand Weapons
 a - a +0 war axe (weapon)
Missiles
 d - 4 throwing nets (quivered)
Armour
 c - a +0 helmet (worn)
 j - a +0 shield
 z - a +2 cloak (worn)
 A - a +0 scale mail (worn)
Jewellery
 r - an uncursed amulet of regeneration {unknown}
Scrolls
 b - a scroll of blinking {unknown}
 g - 2 scrolls of immolation {unknown}
 l - 3 scrolls of identify {unknown}
 o - 2 scrolls of fear {unknown}
 s - 2 scrolls of remove curse {unknown}
 t - a scroll of amnesia {unknown}
 w - a scroll of fog {unknown}
 x - a scroll of teleportation {unknown}
 y - 2 scrolls of enchant weapon {unknown}
Potions
 f - a potion of mutation {unknown}
 h - a potion of cure mutation {unknown}
 n - 2 potions of lignification {unknown}
 p - a potion of heal wounds {unknown}
 B - a potion of brilliance {unknown}
Comestibles
 e - a bread ration
 i - 5 fruits
 k - a slice of pizza
 m - a beef jerky
 q - 2 meat rations
 v - a royal jelly


   Skills:
 - Level 2.4 Fighting
 + Level 7.2 Axes
 - Level 1.7 Throwing
 - Level 2.4 Dodging


You had 3 spell levels left.
You didn't know any spells.

Dungeon Overview and Level Annotations

Branches:
Dungeon (3/15)

Altars:
Ashenzari
Elyvilon
Gozag
Sif Muna


Message History

* * * LOW HITPOINT WARNING * * *
The iguana barely misses you.
You hit the iguana but do no damage.
The iguana is moderately wounded.
The iguana bites you but does no damage.
You hit the iguana but do no damage.
The iguana is moderately wounded.
The iguana bites you!
* * * LOW HITPOINT WARNING * * *
You hit the iguana but do no damage.
The iguana is moderately wounded.
The iguana barely misses you.
You slash the iguana!
The iguana is almost dead.
The iguana barely misses you.
The iguana bites you but does no damage.
Your scale mail prevents you from hitting the iguana.
The iguana is almost dead.
The iguana bites you!
You die...

# # ########## # ##
#........# #
#...########..#####.###
#....l@.......#..<.....
#...#######...#.###.###
## #.....###.# #
#.........# #
##........# #
##.####### # #.# #.#
#+#


You could see an iguana.

Vanquished Creatures
  Terence (D:2)
  4 adders (D:2)
  2 oozes
  A worm (D:2)
  A giant gecko (D:2)
  A giant cockroach (D:1)
  7 goblins
  3 hobgoblins
  3 jackals (D:1)
  5 bats
  6 giant newts
  6 kobolds
  6 rats
46 creatures vanquished.

Notes
Turn   | Place    | Note
--------------------------------------------------------------
     0 | D:1      | MenacingMecha the Hill Orc Gladiator began the quest for the Orb.
     0 | D:1      | Reached XP level 1. HP: 18/18 MP: 1/1
   123 | D:1      | Found a shattered altar of Ashenzari.
   224 | D:1      | Reached XP level 2. HP: 19/25 MP: 2/2
   371 | D:1      | Reached skill level 5 in Axes
  1077 | D:2      | Reached XP level 3. HP: 25/30 MP: 3/3
  1144 | D:2      | Reached skill level 6 in Axes
  1317 | D:2      | Found a deep blue altar of Sif Muna.
  1463 | D:2      | Reached XP level 4. HP: 34/37 MP: 4/4
  1498 | D:2      | Noticed Terence
  1511 | D:2      | Killed Terence
  1651 | D:2      | Reached skill level 7 in Axes
  2051 | D:3      | Found an opulent altar of Gozag.
  2236 | D:3      | Found a white marble altar of Elyvilon.
  2405 | D:3      | Slain by an iguana

Action                   |  1- 3 |  4- 6 || total
-------------------------+-------+-------++-------
Melee: War axe           |    84 |    55 ||   139
 Stab: Sleeping          |     1 |       ||     1
  Eat: Chunk             |     2 |     3 ||     5
